 Dungeon Crawl Stone Soup version 0.19-a0-1834-g6b7851e (webtiles) character file.

39 ximxim the Poker (level 3, -16/29 HPs)
             Began as a Centaur Gladiator on Oct 9, 2016.
             Killed by divine providence
             ... invoked by an orc priest
              (17 damage)
             ... on level 3 of the Dungeon.
             The game lasted 00:02:35 (1095 turns).

ximxim the Poker (Centaur Gladiator)                Turns: 1095, Time: 00:02:36

Health: -16/29     AC:  5    Str: 17    XL:     3   Next: 28%
Magic:  3/3        EV: 10    Int:  7    God:
Gold:   39         SH:  0    Dex: 10    Spells: 0 memorised, 2 levels left

rFire  . . .     SeeInvis .     a - +0 trident
rCold  . . .     Gourm    .     b - +0 leather armour
rNeg   . . .     Faith    .     (no shield)
rPois  .         Spirit   .     c - +0 helmet
rElec  .         Dismiss  .     (no cloak)
rCorr  .         Reflect  .     (no gloves)
MR     .....     Harm     .     (no barding)
Stlth  +.........               (no amulet)
                                (no ring)
                                (no ring)

@: very quick
A: hooves 3, deformed body, speed 2, tough skin 3
a: no special abilities


You were on level 3 of the Dungeon.
You were not hungry.

You visited 1 branch of the dungeon, and saw 3 of its levels.

You collected 39 gold pieces.

Inventory:

Hand Weapons
 a - a +0 trident (weapon)
 o - a +1 dagger of venom
 s - a +0 hunting sling
Missiles
 d - 3 throwing nets (quivered)
 j - 69 stones
 l - 49 poisoned needles
Armour
 b - a +0 leather armour (worn)
 c - a +0 helmet (worn)
Jewellery
 m - an uncursed ring of poison resistance {unknown}
 t - a cursed -4 ring of strength {unknown}
Scrolls
 k - a scroll of fog {unknown}
 n - a scroll of remove curse
 p - a scroll of amnesia {unknown}
 q - a scroll of fear {unknown}
 r - a scroll of enchant armour {unknown}
 u - a scroll of random uselessness {unknown}
 v - a scroll of identify {unknown}
Potions
 e - a potion of lignification {unknown}
 h - a potion of agility {unknown}
Comestibles
 f - a bread ration
 g - a beef jerky
 i - 2 fruits


   Skills:
 - Level 2.0 Fighting
 * Level 3.6 Polearms
 - Level 2.1 Throwing
 - Level 2.4 Dodging
 + Level 0.1 Stealth


You had 2 spell levels left.
You didn't know any spells.

Dungeon Overview and Level Annotations

Branches:
Dungeon (2/15)

Altars:


Innate Abilities, Weirdness & Mutations

You have hooves in place of feet.
Armour fits poorly on your strangely shaped body.
You cover ground very quickly.
You have extremely tough skin. (AC +3)


Message History

The bat hits you but does no damage. The orc hits you with a flail.
The adder barely misses you. The quokka barely misses you.
The giant cockroach barely misses you.
You hit the adder.
You kill the adder!
The bat closely misses you.
The quokka bites you but does no damage.
The bat hits you but does no damage. The giant cockroach barely misses you.
The orc priest calls down the wrath of Beogh upon you.
Beogh smites you!
* * * LOW HITPOINT WARNING * * *
The bat hits you but does no damage. The quokka bites you.
* * * LOW HITPOINT WARNING * * *
The orc closely misses you.
Okay, then.
The bat closely misses you.
The orc priest invokes the aid of Beogh against you.
Beogh smites you!
Ouch! That really hurt!
You die...

### ..l.#####
#.....######
####.......#
#ol.....#
#oo.....#
####r.o....#
#.@b(s.....#
.......##o......#
#....## #########
####


You could see an orc priest, 2 orcs, a quokka, a giant cockroach and a bat.

Vanquished Creatures
  An adder (D:3)
  An ooze (D:1)
  A worm (D:2)
  A dart slug (D:1)
  4 goblins (D:1)
  A hobgoblin (D:2)
  6 jackals
  A kobold (D:1)
  A bat (D:1)
  3 rats
20 creatures vanquished.

Notes
Turn   | Place    | Note
-------+----------+-------------------------------------------
     0 | D:1      | ximxim the Centaur Gladiator began the quest for the Orb.
     0 | D:1      | Reached XP level 1. HP: 17/17 MP: 1/1
   178 | D:1      | Reached XP level 2. HP: 15/24 MP: 2/2
   182 | D:1      | Reached skill level 3 in Polearms
   571 | D:1      | You fall through a shaft!
   950 | D:2      | Reached XP level 3. HP: 25/29 MP: 3/3
  1080 | D:2      | You fall through a shaft!
  1094 | D:3      | HP: 1/29 [quokka (3)]
  1095 | D:3      | Killed from afar by an orc priest

Vault maps used:
D:1:      erik_arrival_triangle_medium
D:2:      trog_butcher_becter, uniq_jessica, uniq_robin, uniq_crazy_yiuf_cottage
D:3:      nemelex_xobeh_ov_fountains_minmay, uniq_grinder, uniq_terence

Skill      XL: |  1  2 |
---------------+-------+-----
Polearms       | 3 |  3.6
Fighting       | |  2.0
Throwing       | |  2.1
Dodging        | |  2.4
Stealth        | |  0.1

Action                   || total
-------------------------++-------
Melee: Trident           ||    65
       Kick              ||    12
       Dagger            ||     1
  Use: Scroll            ||     1
Armor: Leather armour    ||    35
Dodge: Dodged            ||    48
